 Dungeon Crawl Stone Soup version 0.26-a0-61-g6c07f0ee8d (webtiles) character file.

Game seed: 8511542414288681570

76 Boltersam the Skirmisher (level 4, -3/36 HPs)
             Began as a Demonspawn Abyssal Knight on June 9, 2020.
             Was an Initiate of Makhleb.
             Slain by Terence
             ... wielding a +1 mace of venom
              (5 damage)
             ... on level 2 of the Dungeon.
             The game lasted 00:15:00 (2499 turns).

Boltersam the Skirmisher (DsAK)                     Turns: 2499, Time: 00:15:02

Health: -3/36      AC:  3    Str: 13    XL:     4   Next: 12%
Magic:  5/5        EV: 11    Int: 13    God:    Makhleb [......]
Gold:   143        SH:  0    Dex: 13    Spells: 3/3 levels left

rFire    + . .     SeeInvis .   k - +0 flail
rCold    x . .     Gourm    .   (no shield)
rNeg     . . .     Faith    +   g - +0 leather armour
rPois    .         Spirit   .   (no helmet)
rElec    .         Reflect  .   (no cloak)
rCorr    .         Harm     .   (no gloves)
MR       .....                  (no boots)
Stlth    +.........             q - amulet of faith
HPRegen  0.12/turn              n - ring of fire
MPRegen  0.09/turn              o - ring of flight

@: lethally poisoned (-3 -> -28)
A: powered by pain 1
a: Renounce Religion, Evoke Flight


You were on level 2 of the Dungeon.
You worshipped Makhleb.
Makhleb was noncommittal.
You were not hungry.

You visited 1 branch of the dungeon, and saw 2 of its levels.
You visited the Abyss 1 time.

You collected 143 gold pieces.

Inventory:

Hand Weapons
 a - a +1 falchion
 i - a +0 hand axe
 k - a +0 flail (weapon)
Missiles
 e - 20 bolts
 f - 33 stones (quivered)
 h - 17 arrows
 m - 5 poisoned darts
Armour
 b - a +0 leather armour
 g - a +0 leather armour (worn)
Jewellery
 n - a ring of fire (left hand)
 o - a ring of flight (right hand)
 p - an uncursed ring of fire
 q - an amulet of faith (around neck)
Scrolls
 d - a scroll of teleportation
 l - a scroll of identify
Potions
 j - a potion of degeneration {BAD}
 r - a potion of cancellation {unknown}
 s - a potion of brilliance {unknown}
Comestibles
 c - 4 rations


   Skills:
 + Level 3.6 Fighting
 + Level 2.3 Long Blades
 + Level 1.2 Maces & Flails
 + Level 2.3 Armour
 + Level 1.2 Dodging
 + Level 0.5 Stealth
 + Level 2.4 Invocations


You had 3 spell levels left.
You didn't know any spells.
Your spell library was empty.

Dungeon Overview and Level Annotations

Branches:
Dungeon (2/15)

Altars:
Makhleb

Annotations:
D:2 Terence


Innate Abilities, Weirdness & Mutations

You sometimes gain a little power by taking damage.


Message History

Terence is heavily wounded.
* * * LOW HITPOINT WARNING * * *
You feel very sick. Terence barely misses you.
You hit Terence.
Terence is heavily wounded.
* * * LOW HITPOINT WARNING * * *
You feel sick. Terence misses you.
You barely miss Terence.
Terence is heavily wounded.
* * * LOW HITPOINT WARNING * * *
You feel very sick. Terence completely misses you.
You hit Terence.
Terence is severely wounded.
* * * LOW HITPOINT WARNING * * *
You feel sick. Terence hits you but does no damage.
You are more poisoned.
Terence hits you with a +1 mace of venom.
You die...

.. ### ### #. ...
..# #. #.# #.# #.
#)# #.# #.
#.###.##########
#.##...............
#..@...............
##@..>.............
#.##.############.
#.##.# #. #.##.# #.
#.##.# #. #.##.#
########. #.##.#
#........ #.##.#
##.#######
#.####.......#


You could see Terence.

Vanquished Creatures
  A hound (D:2)
  2 worms (D:2)
  A dart slug (D:1)
  2 leopard geckos (D:2)
  2 giant cockroaches
  4 goblins
  8 hobgoblins
  3 jackals (D:2)
  3 kobolds
  2 bats (D:1)
  A frilled lizard (D:2)
  2 rats (D:2)
31 creatures vanquished.

Notes
Turn   | Place    | Note
-------+----------+-------------------------------------------
     0 | Abyss:1  | Boltersam the Demonspawn Abyssal Knight began the quest for
                  | the Orb.
     0 | Abyss:1  | Reached XP level 1. HP: 18/18 MP: 2/2
   217 | Abyss:1  | Noticed a worldbinder
   219 | D:1      | Escaped the Abyss
   266 | D:1      | Reached skill level 1 in Dodging
   790 | D:1      | Gained mutation: You sometimes gain a little power by
                  | taking damage. [demonic ancestry]
   790 | D:1      | Reached XP level 2. HP: 24/24 MP: 3/3
  1711 | D:2      | Reached * piety under Lugonu
  1711 | D:2      | Reached XP level 3. HP: 29/29 MP: 4/4
  2164 | D:2      | Found a burning altar of Makhleb.
  2170 | D:2      | Reached skill level 1 in Maces & Flails
  2170 | D:2      | Reached XP level 4. HP: 28/36 MP: 5/5
  2182 | D:2      | Fell from the grace of Lugonu
  2182 | D:2      | Became a worshipper of Makhleb the Destroyer
  2484 | D:2      | Noticed Terence
  2499 | D:2      | Slain by Terence

Illustrated notes

Levels and vault maps discovered:
D:1:      dpeg_arrival_signposts, layout_basic, minivault_4,
          chequers_serial_rivers_micro_a
D:2:      layout_basic, makhleb_blood_cavern_becter, uniq_terence

Skill      XL: |  1  2  3 |
---------------+----------+-----
Long Blades    | 2 |  2.3
Dodging        | 1 |  1.2
Armour         | 2 |  2.3
Maces & Flails | 1 |  1.2
Fighting       | |  3.6
Stealth        | |  0.5
Invocations    | |  2.4

Action                   |  1- 3 |  4- 6 || total
-------------------------+-------+-------++-------
Melee: Falchion          |    26 |       ||    26
       Flail             |    64 |     9 ||    73
Invok: Depart the Abyss  |     1 |       ||     1
  Use: Scroll            |     3 |       ||     3
       Potion            |     1 |       ||     1
  Eat: Ration            |     2 |       ||     2
Armor: Leather armour    |    20 |       ||    20
Dodge: Dodged            |    60 |     5 ||    65
       Rpst.: Falchion   |     9 |       ||     9

Table legend:
 A = Non-vault XP
 B = Vault XP
 C = Vault XP percentage of total XP
 D = Non-vault monster count
 E = Vault monster count
 F = Vault count percentage of total count
                 A         B        C        D         E       F
            +---------+---------+-------+---------+---------+-------
      Total |      64 |      45 |  41.3 |      30 |       1 |   3.2
            +---------+---------+-------+---------+---------+-------
        D:1 |      19 |       0 |   0.0 |       9 |       0 |   0.0
        D:2 |      45 |      45 |  50.0 |      21 |       1 |   4.5
            +---------+---------+-------+---------+---------+-------
